TOP OF THE 1ST |
Capital District Red Knights batting - Pitching for Montana Pandas : LHP Ricardo Roquette
|
Pitching: LHP Ricardo Roquette
|
|
Batting: RHB Louis Henderson
|
0-0: Ball 1-0: Ground out 1-3 (Groundball, 15)
|
Batting: RHB Matt Terry
|
0-0: Called Strike 0-1: Foul Ball, location: 2F 0-2: Hit by Pitch
|
Batting: RHB Chang-bum Pak
|
0-0: Ball 1-0: Foul Ball, location: 2F 1-1: Ball 2-1: Ball 3-1: Base on Balls Matt Terry to second
|
Batting: RHB David Edwards
|
0-0: Ball 1-0: Ball 2-0: Called Strike 2-1: Grounds into double play, 2-6-3 (Groundball, 2R)
|
Top of the 1st over - 0 run(s), 0 hit(s), 0 error(s), 1 left on base; Capital District 0 - Montana 0 |
BOTTOM OF THE 1ST |
Montana Pandas batting - Pitching for Capital District Red Knights : RHP Francisco García
|
Pitching: RHP Francisco García
|
|
Batting: SHB Rúbem Corvo
|
0-0: Called Strike 0-1: Called Strike 0-2: Ball 1-2: Ball 2-2: Strikes out swinging
|
Batting: LHB Kelly Brown
|
0-0: Fly out, F8 (Flyball, 8LM)
|
Batting: RHB Nathan Clay
|
0-0: Ball 1-0: Ball 2-0: Foul Ball, location: 2F 2-1: Ball 3-1: Ground out 4-3 (Groundball, 4S)
|
Bottom of the 1st over - 0 run(s), 0 hit(s), 0 error(s), 0 left on base; Capital District 0 - Montana 0 |
TOP OF THE 2ND |
Capital District Red Knights batting - Pitching for Montana Pandas : LHP Ricardo Roquette
|
Batting: LHB Dave Knight
|
0-0: Called Strike 0-1: Called Strike 0-2: Ball 1-2: SOLO HOME RUN (Flyball, 9D), Distance : 347 ft
|
Batting: RHB Mike Lewis
|
0-0: Called Strike 0-1: Ball 1-1: Foul Ball, location: 2F 1-2: SINGLE (Groundball, 56D)
|
Batting: RHB Ilusuarte Viamonte
|
0-0: Ball 1-0: Foul Ball, location: 2F 1-1: Fly out, F8 (Flyball, 8RXD)
|
Batting: RHB Martin Young
|
0-0: Called Strike 0-1: Ball 1-1: Ball 2-1: Ball 3-1: Swinging Strike 3-2: Foul Ball, location: 2F 3-2: Foul Ball, location: 2F 3-2: Base on Balls Mike Lewis to second
|
Batting: LHB Francisco García
|
0-0: Sac Bunt - play at first, batter OUT! 6-4 Mike Lewis to third Martin Young to second
|
Batting: RHB Louis Henderson
|
0-0: Ball 1-0: Ball 2-0: Fly out, F8 (Flyball, 8RXD)
|
Top of the 2nd over - 1 run(s), 2 hit(s), 0 error(s), 2 left on base; Capital District 1 - Montana 0 |
BOTTOM OF THE 2ND |
Montana Pandas batting - Pitching for Capital District Red Knights : RHP Francisco García
|
Batting: RHB Kelly Reed
|
0-0: Ground out 4-3 (Groundball, 4)
|
Batting: RHB Brian King
|
0-0: Called Strike 0-1: Ball 1-1: Fly out, F4 (Popup, 4D)
|
Batting: RHB Gil Lowe
|
0-0: Ball 1-0: Called Strike 1-1: Ground out 6-3 (Groundball, 6)
|
Bottom of the 2nd over - 0 run(s), 0 hit(s), 0 error(s), 0 left on base; Capital District 1 - Montana 0 |
TOP OF THE 3RD |
Capital District Red Knights batting - Pitching for Montana Pandas : LHP Ricardo Roquette
|
Batting: RHB Matt Terry
|
0-0: Foul Ball, location: 2F 0-1: Swinging Strike 0-2: Ball 1-2: Ball 2-2: Foul Ball, location: 2F 2-2: Foul Ball, location: 2F 2-2: Foul Ball, location: 2F 2-2: Hit by Pitch
|
Batting: RHB Chang-bum Pak
|
0-0: Foul Ball, location: 2F 0-1: Foul Ball, location: 2F 0-2: Fly out, F8 (Flyball, 8LS)
|
Batting: RHB David Edwards
|
0-0: Ball 1-0: Ball 2-0: Foul Ball, location: 2F 2-1: Foul Ball, location: 2F 2-2: Foul Ball, location: 2F 2-2: Foul Ball, location: 2F 2-2: Ball 3-2: Foul Ball, location: 2F 3-2: Base on Balls Matt Terry to second
|
Batting: LHB Dave Knight
|
0-0: Ball 1-0: Ball 2-0: Ball 3-0: Base on Balls Matt Terry to third David Edwards to second
|
Batting: RHB Mike Lewis
|
0-0: Ball 1-0: Ball 2-0: Ball 3-0: Base on Balls Matt Terry scores David Edwards to third Dave Knight to second
|
Batting: RHB Ilusuarte Viamonte
|
0-0: Ball 1-0: Ball 2-0: Ball 3-0: Base on Balls David Edwards scores Dave Knight to third Mike Lewis to second
|
Batting: RHB Martin Young
|
0-0: Called Strike 0-1: Ball 1-1: Foul Ball, location: 2F 1-2: Ball 2-2: Ball 3-2: Base on Balls Dave Knight scores Mike Lewis to third Ilusuarte Viamonte to second
|
Batting: LHB Francisco García
|
0-0: Ball 1-0: Fly out, F3 (Popup, 34)
|
Batting: RHB Louis Henderson
|
0-0: Ball 1-0: Called Strike 1-1: Ball 2-1: Ball 3-1: Swinging Strike 3-2: Foul Ball, location: 2F 3-2: Base on Balls Mike Lewis scores Ilusuarte Viamonte to third Martin Young to second
|
Batting: RHB Matt Terry
|
0-0: Ball 1-0: Foul Ball, location: 2F 1-1: Swinging Strike 1-2: Ball 2-2: Ball 3-2: Fly out, F9 (Flyball, 89D)
|
Top of the 3rd over - 4 run(s), 0 hit(s), 0 error(s), 3 left on base; Capital District 5 - Montana 0 |
BOTTOM OF THE 3RD |
Montana Pandas batting - Pitching for Capital District Red Knights : RHP Francisco García
|
Batting: RHB Billy Strauss
|
0-0: Bunt for hit - play at first, batter OUT! 5-3
|
Batting: SHB Arnold Smith
|
0-0: Ball 1-0: Ground out 4-3 (Groundball, 4)
|
Batting: LHB Ricardo Roquette
|
0-0: Called Strike 0-1: Reached on Error, E4 (Popup, 4D)
|
Batting: SHB Rúbem Corvo
|
0-0: Foul Ball, location: 2F 0-1: Called Strike 0-2: Strikes out swinging
|
Bottom of the 3rd over - 0 run(s), 0 hit(s), 1 error(s), 1 left on base; Capital District 5 - Montana 0 |
TOP OF THE 4TH |
Capital District Red Knights batting - Pitching for Montana Pandas : LHP Ricardo Roquette
|
Batting: RHB Chang-bum Pak
|
0-0: Called Strike 0-1: Ball 1-1: Ball 2-1: Ball 3-1: Foul Ball, location: 2F 3-2: Foul Ball, location: 2F 3-2: Base on Balls
|
Batting: RHB David Edwards
|
0-0: Called Strike 0-1: Called Strike 0-2: Ball 1-2: Fly out, F3 (Popup, 3F)
|
Batting: LHB Dave Knight
|
0-0: Ball 1-0: DOUBLE (Line Drive, 7LM) Chang-bum Pak to third
|
Batting: RHB Mike Lewis
|
0-0: Ball 1-0: SINGLE (Line Drive, 56) Chang-bum Pak scores Dave Knight to third
|
Pitching: RHP Johnny Wheeler
|
|
Batting: RHB Ilusuarte Viamonte
|
0-0: Ball 1-0: Called Strike 1-1: Ball 2-1: Grounds into double play, 6-4-3 (Groundball, 6M)
|
Top of the 4th over - 1 run(s), 2 hit(s), 0 error(s), 1 left on base; Capital District 6 - Montana 0 |
BOTTOM OF THE 4TH |
Montana Pandas batting - Pitching for Capital District Red Knights : RHP Francisco García
|
Batting: LHB Kelly Brown
|
0-0: Ground out 4-3 (Groundball, 4)
|
Batting: RHB Nathan Clay
|
0-0: Ball 1-0: Ball 2-0: Ball 3-0: Swinging Strike 3-1: Base on Balls
|
Batting: RHB Kelly Reed
|
0-0: Called Strike 0-1: Fly out, F9 (Flyball, 89M)
|
Batting: RHB Brian King
|
0-0: Ball 1-0: Called Strike 1-1: Ball 2-1: Called Strike 2-2: Ball 3-2: DOUBLE (Flyball, 89XD) Nathan Clay to third Nathan Clay scores
|
Batting: RHB Gil Lowe
|
0-0: Ball 1-0: Foul Ball, location: 2F 1-1: Ball 2-1: Foul Ball, location: 2F 2-2: Ground out 5-3 (Groundball, 56S)
|
Bottom of the 4th over - 1 run(s), 1 hit(s), 0 error(s), 1 left on base; Capital District 6 - Montana 1 |
TOP OF THE 5TH |
Capital District Red Knights batting - Pitching for Montana Pandas : RHP Johnny Wheeler
|
Batting: RHB Martin Young
|
0-0: Called Strike 0-1: Ball 1-1: Ball 2-1: Ball 3-1: Base on Balls
|
Batting: LHB Francisco García
|
0-0: Ball 1-0: Bunted foul 1-1: Sac Bunt - play at first, batter OUT! 1-4 Martin Young to second
|
Batting: RHB Louis Henderson
|
0-0: Intentional Walk
|
Batting: RHB Matt Terry
|
0-0: Ball 1-0: Foul Ball, location: 2F 1-1: Ball 2-1: Fly out, F9 (Flyball, 9M)
|
Batting: RHB Chang-bum Pak
|
0-0: Ball Single, Error in OF, E7, batter to second base Martin Young scores Louis Henderson to third
|
Batting: RHB David Edwards
|
0-0: Ball 1-0: Ball 2-0: 3-RUN HOME RUN (Flyball, 7D), Distance : 359 ft
|
Batting: LHB Dave Knight
|
0-0: Ball 1-0: Ball 2-0: SINGLE (Flyball, 7S)
|
Batting: RHB Mike Lewis
|
0-0: Swinging Strike 0-1: Ball 1-1: Called Strike 1-2: Ball 2-2: Ball 3-2: Fly out, F8 (Line Drive, 8LM)
|
Top of the 5th over - 4 run(s), 3 hit(s), 1 error(s), 1 left on base; Capital District 10 - Montana 1 |
BOTTOM OF THE 5TH |
Montana Pandas batting - Pitching for Capital District Red Knights : RHP Francisco García
|
Batting: RHB Billy Strauss
|
0-0: Called Strike 0-1: Foul Ball, location: 2F 0-2: Fly out, F7 (Flyball, 7M)
|
Batting: SHB Arnold Smith
|
0-0: Ball 1-0: Fly out, F7 (Flyball, 78M)
|
Batting: RHB Johnny Wheeler
|
0-0: Ball 1-0: Swinging Strike 1-1: Foul Ball, location: 2F 1-2: Ball 2-2: Strikes out swinging
|
Bottom of the 5th over - 0 run(s), 0 hit(s), 0 error(s), 0 left on base; Capital District 10 - Montana 1 |
TOP OF THE 6TH |
Capital District Red Knights batting - Pitching for Montana Pandas : RHP Johnny Wheeler
|
Batting: RHB Ilusuarte Viamonte
|
0-0: Called Strike 0-1: Ball 1-1: Ball 2-1: Fly out, F3 (Popup, 3D)
|
Batting: RHB Martin Young
|
0-0: Foul Ball, location: 2F 0-1: Ball 1-1: SINGLE (Groundball, 4MD)
|
Batting: LHB Francisco García
|
0-0: Bunted foul 0-1: Ball 1-1: Sac Bunt - play at first, batter OUT! 3-4 Martin Young to second
|
Batting: RHB Louis Henderson
|
0-0: Ball 1-0: Called Strike 1-1: Swinging Strike 1-2: Ball 2-2: Strikes out swinging
|
Top of the 6th over - 0 run(s), 1 hit(s), 0 error(s), 1 left on base; Capital District 10 - Montana 1 |
BOTTOM OF THE 6TH |
Montana Pandas batting - Pitching for Capital District Red Knights : RHP Francisco García
|
Batting: SHB Rúbem Corvo
|
0-0: Foul Ball, location: 2F 0-1: Foul Ball, location: 2F 0-2: Ball 1-2: Strikes out looking
|
Batting: LHB Kelly Brown
|
0-0: Fly out, F9 (Flyball, 9LM)
|
Batting: RHB Nathan Clay
|
0-0: Called Strike 0-1: Ball 1-1: Ball 2-1: Called Strike 2-2: DOUBLE (Line Drive, 8RM)
|
Batting: RHB Kelly Reed
|
0-0: Swinging Strike 0-1: Ground out 4-3 (Groundball, 4)
|
Bottom of the 6th over - 0 run(s), 1 hit(s), 0 error(s), 1 left on base; Capital District 10 - Montana 1 |
TOP OF THE 7TH |
Capital District Red Knights batting - Pitching for Montana Pandas : RHP Johnny Wheeler
|
Batting: RHB Matt Terry
|
0-0: Ball 1-0: Ball 2-0: Ball 3-0: Base on Balls
|
Batting: RHB Chang-bum Pak
|
0-0: Foul Ball, location: 2F 0-1: Ball 1-1: Ball 2-1: Foul Ball, location: 2F 2-2: Ball 3-2: Fly out, F5 (Line Drive, 5)
|
Pitching: RHP Jimmy Wilson
|
|
Batting: RHB David Edwards
|
0-0: Ball 1-0: Swinging Strike 1-1: Called Strike 1-2: Ball 2-2: Ball 3-2: Base on Balls Matt Terry to second
|
Batting: LHB Dave Knight
|
0-0: Foul Ball, location: 2F 0-1: Ground out 6-3 (Groundball, 6MS) Matt Terry to third David Edwards to second
|
Batting: RHB Mike Lewis
|
0-0: Ball 1-0: Called Strike 1-1: Swinging Strike 1-2: Ground out 5-3 (Groundball, 56)
|
Top of the 7th over - 0 run(s), 0 hit(s), 0 error(s), 2 left on base; Capital District 10 - Montana 1 |
BOTTOM OF THE 7TH |
Montana Pandas batting - Pitching for Capital District Red Knights : RHP Francisco García
|
Batting: RHB Brian King
|
0-0: Foul Ball, location: 2F 0-1: Ball 1-1: Fly out, F8 (Flyball, 8LM)
|
Batting: RHB Gil Lowe
|
0-0: Called Strike 0-1: Swinging Strike 0-2: Foul Ball, location: 2F 0-2: Strikes out swinging
|
Batting: RHB Billy Strauss
|
0-0: Called Strike 0-1: Ball 1-1: Called Strike 1-2: Ball 2-2: SINGLE (Line Drive, 56D)
|
Batting: SHB Arnold Smith
|
0-0: Ball 1-0: Swinging Strike 1-1: Ball 2-1: Ball 3-1: Base on Balls Billy Strauss to second
|
Batting: RHB Jimmy Wilson
|
0-0: Foul Ball, location: 2F 0-1: Fielders Choice at 2nd, 6-4 (Groundball, 6)
|
Bottom of the 7th over - 0 run(s), 1 hit(s), 0 error(s), 1 left on base; Capital District 10 - Montana 1 |
TOP OF THE 8TH |
Capital District Red Knights batting - Pitching for Montana Pandas : RHP Jimmy Wilson
|
Batting: RHB Ilusuarte Viamonte
|
0-0: Called Strike 0-1: Swinging Strike 0-2: Ball 1-2: Strikes out swinging
|
Batting: RHB Martin Young
|
0-0: SINGLE (Line Drive, 56D)
|
Pinch Hitting: RHB Zach King
|
0-0: SINGLE (Line Drive, 4D) Martin Young to second
|
Batting: RHB Louis Henderson
|
0-0: Ball 1-0: Fly out, F7 (Flyball, 78M)
|
Batting: RHB Matt Terry
|
0-0: Ball 1-0: Called Strike 1-1: Called Strike 1-2: Foul Ball, location: 2F 1-2: SINGLE (Groundball, 56) Martin Young to third Zach King to second Runner from 3rd tries for Home, SAFE, no throw or cutoff
|
Batting: RHB Chang-bum Pak
|
0-0: Ball 1-0: Fly out, F8 (Line Drive, 8LD)
|
Top of the 8th over - 1 run(s), 3 hit(s), 0 error(s), 2 left on base; Capital District 11 - Montana 1 |
BOTTOM OF THE 8TH |
Montana Pandas batting - Pitching for Capital District Red Knights : RHP Francisco García
|
Pitching: RHP Woody Cook
|
|
Batting: SHB Rúbem Corvo
|
0-0: Ball 1-0: Ball 2-0: SINGLE (Groundball, 56D)
|
Batting: LHB Kelly Brown
|
0-0: Ball 1-0: Ball 2-0: Swinging Strike 2-1: Swinging Strike Passed Ball! Rúbem Corvo to second 2-2: Foul Ball, location: 2F 2-2: Ball 3-2: Ground out 4-3 (Groundball, 4) Rúbem Corvo to third
|
Batting: RHB Nathan Clay
|
0-0: Ball 1-0: Called Strike 1-1: Swinging Strike 1-2: Foul Ball, location: 2F 1-2: Strikes out swinging
|
Batting: RHB Kelly Reed
|
0-0: Called Strike 0-1: Called Strike 0-2: Strikes out swinging
|
Bottom of the 8th over - 0 run(s), 1 hit(s), 0 error(s), 1 left on base; Capital District 11 - Montana 1 |
TOP OF THE 9TH |
Capital District Red Knights batting - Pitching for Montana Pandas : RHP Jimmy Wilson
|
Pitching: RHP Juan López
|
|
Batting: RHB David Edwards
|
0-0: Ball 1-0: Ground out 5-3 (Groundball, 5L)
|
Batting: LHB Dave Knight
|
0-0: Ground out 4-3 (Groundball, 4)
|
Batting: RHB Mike Lewis
|
0-0: Called Strike 0-1: Ball 1-1: Ball 2-1: Foul Ball, location: 2F 2-2: Ground out 4-3 (Groundball, 4M)
|
Top of the 9th over - 0 run(s), 0 hit(s), 0 error(s), 0 left on base; Capital District 11 - Montana 1 |
BOTTOM OF THE 9TH |
Montana Pandas batting - Pitching for Capital District Red Knights : RHP Woody Cook
|
Batting: RHB Brian King
|
0-0: Ball 1-0: Called Strike 1-1: Foul Ball, location: 2F 1-2: Ball 2-2: Ball 3-2: Strikes out looking
|
Batting: RHB Gil Lowe
|
0-0: Ground out 6-3 (Groundball, 6)
|
Batting: RHB Billy Strauss
|
0-0: Ball 1-0: Called Strike 1-1: Ground out 5-3 (Groundball, 5)
|
Bottom of the 9th over - 0 run(s), 0 hit(s), 0 error(s), 0 left on base; Capital District 11 - Montana 1 |
|